 Dungeon Crawl Stone Soup version 0.28-a0-803-g74956062c1 (webtiles) character file.

Game seed: 12169457695145102511

0 Gargoyl the Skirmisher (level 1, 23/23 HPs)
             Began as a Gnoll Abyssal Knight on Nov 7, 2021.
             Was an Initiate of Lugonu.
             Quit the game on level 1 of the Dungeon.
             The game lasted 00:00:40 (125 turns).

Gargoyl the Skirmisher (Gnoll Abyssal Knight)        Turns: 125, Time: 00:00:41

Health: 23/23      AC:  3    Str: 12    XL:     1   Next: 0%
Magic:  2/3        EV: 12    Int:  9    God:    Lugonu [......]
Gold:   10         SH:  0    Dex: 12    Spells: 0/0 levels left

rFire   . . .      SeeInvis .   a - +1 hand axe
rCold   . . .      Faith    .   (no shield)
rNeg    . . .      Spirit   .   b - +0 leather armour
rPois   .          Reflect  .   (no helmet)
rElec   .          Harm     .   (no cloak)
rCorr   +          Rampage  .   (no gloves)
Will    .....                   (no boots)
Stlth   +.........              (no amulet)
HPRegen 0.07/turn               c - ring of resist corrosion
MPRegen 0.08/turn               (no ring)

@: no status effects
A: fangs 1, strong nose, distributed training
a: Renounce Religion


You were on level 1 of the Dungeon.
You worshipped Lugonu.
Lugonu was noncommittal.
You visited 1 branch of the dungeon, and saw 1 of its levels.
You visited the Abyss 1 time.

You collected 10 gold pieces.

Inventory:

Hand Weapons
 a - a +1 hand axe (weapon)
Armour
 b - a +0 leather armour (worn)
Jewellery
 c - a ring of resist corrosion (left hand)
 d - an amulet of magic regeneration


   Skills:
 + Level 6.4 Fighting
 + Level 0.0 Short Blades
 + Level 0.0 Long Blades
 + Level 4.4 Axes
 + Level 0.0 Maces & Flails
 + Level 0.0 Polearms
 + Level 0.0 Staves
 + Level 0.0 Slings
 + Level 0.0 Bows
 + Level 0.0 Crossbows
 + Level 0.0 Throwing
 + Level 4.4 Armour
 + Level 2.3 Dodging
 + Level 0.0 Stealth
 + Level 0.0 Shields
 + Level 0.0 Unarmed Combat
 + Level 0.0 Spellcasting
 + Level 0.0 Conjurations
 + Level 0.0 Hexes
 + Level 0.0 Summonings
 + Level 0.0 Necromancy
 + Level 0.0 Translocations
 + Level 0.0 Transmutations
 + Level 0.0 Fire Magic
 + Level 0.0 Ice Magic
 + Level 0.0 Air Magic
 + Level 0.0 Earth Magic
 + Level 0.0 Poison Magic
 + Level 4.4 Invocations
 + Level 0.0 Evocations


You couldn't memorise any spells.
You didn't know any spells.
Your spell library was empty.

Dungeon Overview and Level Annotations

Branches:
Dungeon (1/15)

Altars:


Innate Abilities, Weirdness & Mutations

You have very sharp teeth.
Your uncanny sense of smell can sniff out nearby items.
Your experience applies equally to all skills.


Message History

Welcome, Gargoyl the Gnoll Abyssal Knight.
It is said that the Orb of Zot exists deep within this dungeon.
Lugonu says: Depart the Abyss and spread corruption, my servant! (use the ability menu to exit the Abyss) Press ? for a list of commands and other information.
Found 20 stones.
Found a corrupted altar of Lugonu.
Unknown command.
Press < or > to pray at altars.
Found a corrupted altar of Lugonu.
Found a gateway leading out of the Abyss.
c - a ring of resist corrosion
Found a gateway leading deeper into the Abyss.
You are suddenly pulled into a different region of the Abyss!
Found a corrupted altar of Lugonu.
You now have 10 gold pieces.
c - a ring of resist corrosion (left hand)
Found 23 stones.
A tentacled starspawn comes into view.
A tentacled starspawn is nearby!
You remove your ring of resist corrosion.
c - a ring of resist corrosion (left hand) Tentacles burst from the starspawn's body! 2 starspawn tentacles come into view.
Tentacles burst from the starspawn's body! 2 starspawn tentacles come into view.
The starspawn tentacle barely misses you.
You remove your ring of resist corrosion.
c - a ring of resist corrosion (left hand)
A tentacle flies out from the starspawn's body!
A starspawn tentacle comes into view.
A rust devil comes into view.
The rust devil screeches!
Found a blackened blue amulet.
You see here an amulet of magic regeneration.
d - an amulet of magic regeneration The rust devil barely misses you.
You pass through the gate.
You can no longer depart the Abyss at will.
Found 5 gold pieces.
There is a staircase leading out of the dungeon here.
Are you sure you want to abandon this character and quit the game? (Confirm with "yes".)

### ##.##
##...##
##....$##
##.......##
##.........##
+.....@.....+
#####...#####
##.## #.# #.#
#.# #+#


There were no monsters in sight!

Vanquished Creatures (others)
  6 starspawn tentacles (Abyss:1)
6 creatures vanquished.

Notes
Turn   | Place    | Note
-------+----------+-------------------------------------------
     0 | Abyss:1  | Gargoyl the Gnoll Abyssal Knight began the quest for the
                  | Orb.
     0 | Abyss:1  | Reached XP level 1. HP: 23/23 MP: 3/3
     0 | Abyss:1  | Found a corrupted altar of Lugonu.
    31 | Abyss:1  | Found a corrupted altar of Lugonu.
    85 | Abyss:1  | Noticed a tentacled starspawn
   113 | Abyss:1  | Noticed a rust devil
   124 | D:1      | Escaped the Abyss
   125 | D:1      | Quit the game

Illustrated notes

Levels and vault maps discovered:
D:1:      mrwooster_arrival_arrow, layout_loops_cross,
          chequers_serial_rivers_micro_a, chequers_serial_rivers_micro_c,
          chequers_jeans, chequers_serial_rivers_room_a

Action                   || total
-------------------------++-------
Invok: Depart the Abyss  ||     1
Dodge: Dodged            ||     2

Table legend: (Time is in decaauts)
 A = Elapsed time spent in this place.
 B = Non-inter-level travel time spent in this place.
 C = Inter-level travel time spent in this place.
 D = Time resting spent in this place.
 E = Time spent auto-exploring this place.
 F = Levels seen in this place.
 G = Mean time per level.
                   A        B        C        D        E       F      G
               +--------+--------+--------+--------+--------+-----+--------+
         Total |    122 |    122 |      0 |      0 |     78 |   2 |   61.0 |
       Dungeon |      0 |      0 |      0 |      0 |      0 |   1 |    0.0 |
         Abyss |    121 |    121 |      0 |      0 |     78 |   1 |  121.0 |
               +--------+--------+--------+--------+--------+-----+--------+

Top non-repeatable levels by time:
 Abyss:1: 121 daAuts
     D:1: 0 daAuts
